 Dungeon Crawl Stone Soup version 0.29-a0-468-ge57f7f99b4 (webtiles) character file.

Game seed: 11461503928107319057

271 holysushi the Insei (level 6, 0/39 HPs)
             Began as an Octopode Transmuter on May 21, 2022.
             Splashed by a jelly's acid (8 damage)
             ... on level 4 of the Dungeon.
             The game lasted 00:04:26 (3655 turns).

holysushi the Insei (Octopode Transmuter)           Turns: 3655, Time: 00:04:27

Health: 0/39       AC: -7    Str:  9    XL:     6   Next: 23%
Magic:  9/9        EV: 14    Int: 16    God:
Gold:   153        SH:  0    Dex: 14    Spells: 3/9 levels left

rFire   . . .      SeeInvis .     - Unarmed
rCold   . . .      Faith    .   (no shield)
rNeg    . . .      Spirit   .   (helmet restricted)
rPois   .          Reflect  .   p - amulet of magic regeneration
rElec   .          Harm     .   h - ring of willpower
rCorr   .          Rampage  .   (no ring)
Will    +....                   (no ring)
Stlth   +++.......              (no ring)
HPRegen 0.13/turn               (no ring)
MPRegen 0.51/turn               (no ring)
                                (no ring)
                                (no ring)

@: corroded
A: almost no armour, amphibious, 8 rings, camouflage 1, gelatinous body 1,
(nimble swimmer 1), tentacles
a: no special abilities


You were on level 4 of the Dungeon.
You visited 1 branch of the dungeon, and saw 4 of its levels.
You also visited: Sewer.

You collected 153 gold pieces.

Inventory:

Jewellery
 h - a ring of willpower (left tentacle)
 p - an amulet of magic regeneration (around mantle)
Wands
 f - a wand of mindburst (2)
Scrolls
 b - 3 scrolls of fog
 i - a scroll of summoning {unknown}
 j - a scroll of enchant armour {unknown}
 m - a scroll of vulnerability {unknown}
 n - a scroll of enchant weapon {unknown}
 o - a scroll of fear
 r - a scroll of identify
Potions
 a - 3 potions of lignification
 c - a potion of invisibility {unknown}
 e - a potion of magic {unknown}
 g - 2 potions of heal wounds {unknown}
 k - 2 potions of might {unknown}
 l - a potion of mutation {unknown}
 q - a potion of attraction {unknown}
 s - a potion of resistance {unknown}


   Skills:
 + Level 2.1 Fighting
 + Level 2.9 Dodging
 - Level 2.0 Stealth
 * Level 4.7 Unarmed Combat
 + Level 2.2 Spellcasting
 + Level 3.1 Transmutations
 - Level 2.0 Poison Magic


You had 3 spell levels left.
You knew the following spells:

 Your Spells              Type           Power      Damage    Failure   Level
a - Beastly Appendage     Tmut           22%        N/A       5%          1
b - Wereblood             Tmut           11%        N/A       9%          2
c - Spider Form           Tmut/Pois      10%        N/A       22%         3

Your spell library contained the following spells:

 Spells                   Type           Power      Damage    Failure   Level
 Ice Form                 Ice/Tmut       6%         N/A       71%         4


Dungeon Overview and Level Annotations

Branches:
Dungeon (4/15)              Sewer (visited)
 Temple: D:4-7

Altars:
Makhleb


Innate Abilities, Weirdness & Mutations

You cannot wear most types of armour.
You are amphibious.
You can wear up to eight rings at the same time.
Your skin changes colour to match your surroundings (Stealth+).
Your rubbery body absorbs attacks. (AC +1, EV +1)
((You are camouflaged when in or above water. (Stealth+)))
You have tentacles for arms and can constrict up to eight enemies at once.


Message History

Your front legs burn!
The jelly is heavily wounded.
The jelly misses you. The adder bites you.
You hit the jelly but do no damage.
Your front legs burn!
The jelly is heavily wounded.
The adder completely misses you. The jelly misses you.
You hit the jelly but do no damage.
Your front legs burn!
The jelly is heavily wounded.
The adder barely misses you. The jelly barely misses you.
You hit the adder.
The adder is heavily wounded.
The adder bites you.
You are poisoned.
The adder poisons you! The jelly completely misses you.
The adder completely misses you.
You completely miss the adder.
The adder is heavily wounded.
You feel very sick. The adder misses you. The jelly misses you.
You hit the adder but do no damage.
The adder is heavily wounded.
Your transformation has ended.
You feel sick. The adder barely misses you. The jelly hits you.
You are splashed with acid!
* * * LOW HITPOINT WARNING * * *
Unknown command.
* * * LOW HITPOINT WARNING * * *
You feel sick.
Aiming: Mindburst
Press: ? - help, Shift-Dir - straight line, f - adder
Aim: an adder (heavily wounded, chance to affect: 72%)
The adder struggles to resist.
* * * LOW HITPOINT WARNING * * *
You feel sick. The adder bites you.
* * * LOW HITPOINT WARNING * * *
The adder barely misses you. The jelly barely misses you.
You feel better. The adder closely misses you. The jelly hits you.
* * * LOW HITPOINT WARNING * * *
The acid corrodes you!
You are splashed with acid!
You die...

#......... #. #.########
#. #.# # ###.# #.# #
.....#########.# #
.####).#.........## #
..........#####...#######
.#.....J#................
.......S@.####....#######
########### ###...[...#
#.#####.# #.# #.# #.# #.#
#.# #.# #.#####.#
#....##.## #.##.##...


You could see a jelly (very poisoned) and an adder.

Vanquished Creatures
  Pargi (Sewer)
  A necrophage (D:4)
  A hound (D:4)
  2 adders
  3 dart slugs
  An orc (D:3)
  4 bats
  2 endoplasms
  2 giant cockroaches
  7 goblins
  6 hobgoblins (D:1)
  10 kobolds
  6 quokkas
  6 ball pythons
  5 frilled lizards
  4 rats
61 creatures vanquished.

Notes
Turn   | Place    | Note
-------+----------+-------------------------------------------
     0 | D:1      | holysushi the Octopode Transmuter began the quest for the
                  | Orb.
     0 | D:1      | Reached XP level 1. HP: 13/13 MP: 3/3
   169 | D:1      | Reached skill level 1 in Stealth
   170 | D:1      | Reached XP level 2. HP: 10/18 MP: 3/5
   783 | D:1      | Reached XP level 3. HP: 23/23 MP: 4/6
  1214 | D:2      | Learned a level 2 spell: Wereblood
  1218 | D:2      | Learned a level 3 spell: Spider Form
  1568 | D:2      | Reached XP level 4. HP: 21/28 MP: 4/7
  1864 | D:2      | Found a faded altar of an unknown god.
  2175 | D:3      | Found a glowing drain.
  2200 | Sewer    | Entered a sewer
  2324 | Sewer    | Noticed Pargi
  2335 | Sewer    | Killed Pargi
  2336 | Sewer    | Reached skill level 4 in Unarmed Combat
  2336 | Sewer    | Reached skill level 1 in Poison Magic
  2336 | Sewer    | Reached XP level 5. HP: 12/34 MP: 2/8
  3513 | D:4      | Reached XP level 6. HP: 38/39 MP: 9/9
  3528 | D:4      | Found a burning altar of Makhleb.
  3655 | D:4      | Splashed by a jelly's acid

Illustrated notes

Levels and vault maps discovered:
D:1:      dpeg_arrival_tiny_g, layout_basic, hex_medium,
          corexii_leaking_fountain, lemuel_old_faithful
D:2:      layout_loops_ring, ebering_ecumenical_altar_hall
D:3:      layout_basic, gup_sewer_entry_pipe
D:4:      minmay_recursive_quarters, layout_loops_ring,
          makhleb_heckhound_becter, uniq_pikel

Skill      XL: |  1  2  3  4  5 |
---------------+----------------+-----
Stealth        | 1 2 |  2.0
Unarmed Combat | 4 |  4.7
Transmutations | 3 |  3.1
Poison Magic   | 1 2 |  2.0
Fighting       | 2 |  2.1
Dodging        | |  2.9
Spellcasting   | |  2.2

Action                   |  1- 3 |  4- 6 || total
-------------------------+-------+-------++-------
Melee: Unarmed           |    64 |    77 ||   141
       Constrict         |    17 |     9 ||    26
       Kick              |    18 |     2 ||    20
       Tentacles         |    10 |     3 ||    13
       Punch             |       |     1 ||     1
 Cast: Beastly Appendage |    12 |     1 ||    13
       Spider Form       |     2 |    17 ||    19
Evoke: Wand              |       |     1 ||     1
  Use: Scroll            |       |     3 ||     3
       Potion            |       |     1 ||     1
 Stab: Sleeping          |     8 |     7 ||    15
Armor: Skin              |     6 |     4 ||    10
Dodge: Dodged            |    45 |    69 ||   114

Table legend: (Time is in decaauts)
 A = Elapsed time spent in this place.
 B = Non-inter-level travel time spent in this place.
 C = Inter-level travel time spent in this place.
 D = Time resting spent in this place.
 E = Time spent auto-exploring this place.
 F = Levels seen in this place.
 G = Mean time per level.
                   A        B        C        D        E       F      G
               +--------+--------+--------+--------+--------+-----+--------+
         Total |   3644 |   3533 |    111 |    543 |   2313 |   5 |  728.8 |
       Dungeon |   3246 |   3135 |    111 |    320 |   2313 |   4 |  811.5 |
         Sewer |    398 |    398 |      0 |    223 |      0 |   1 |  398.0 |
               +--------+--------+--------+--------+--------+-----+--------+

Top non-repeatable levels by time:
     D:1: 1185 daAuts
     D:3: 922 daAuts
     D:2: 828 daAuts
   Sewer: 398 daAuts
     D:4: 309 daAuts
